 Dungeon Crawl Stone Soup version 0.28.0-47-ge53b351184 (webtiles) character file.

Game seed: 10128865936899033439

1608 NinjaNoafa the Ruffian (level 8, -4/78 HPs)
             Began as a Troll Fighter on May 4, 2022.
             Was an Initiate of Ashenzari.
             Shot with an arrow by a centaur (10 damage)
             ... on level 7 of the Dungeon.
             The game lasted 00:13:21 (5793 turns).

NinjaNoafa the Ruffian (Troll Fighter)              Turns: 5793, Time: 00:13:23

Health: -4/78      AC:  6    Str: 25    XL:     8   Next: 63%
Magic:  7/7        EV:  8    Int:  4    God:    Ashenzari [......]
Gold:   135        SH: 17    Dex: 11    Spells: 7/7 levels left

rFire   . . .      SeeInvis .     - Unarmed
rCold   . . .      Faith    .   n - +0 tower shield "Share My Annoyance" {Fort, Range} (curse)
rNeg    . . .      Spirit   .   g - +2 robe {Will+}
rPois   .          Reflect  +   (helmet restricted)
rElec   .          Harm     .   p - scarf {repulsion}
rCorr   .          Rampage  .   (gloves unavailable)
Will    +....                   (boots unavailable)
Stlth   +.........              j - amulet of reflection
HPRegen 1.03/turn               (no ring)
MPRegen 0.10/turn               (no ring)

@: hasted, repel missiles, very quick
A: large, unfitting armour, claws 3, regeneration 1, shaggy fur 1, tough skin 1,
wild magic 1
a: Renounce Religion, Curse Item, Shatter the Chains


You were on level 7 of the Dungeon.
You worshipped Ashenzari.
Ashenzari was noncommittal.
You visited 1 branch of the dungeon, and saw 7 of its levels.
You also visited: Sewer.

You collected 323 gold pieces.
You spent 188 gold pieces at shops.

Inventory:

Missiles
 a - a throwing net
 d - 111 stones
 k - 6 poisoned darts
 m - 5 boomerangs (quivered)
Armour
 c - a +0 cloak
 g - a +2 robe of willpower (worn)
 n - the cursed +0 tower shield "Share My Annoyance" (worn) {Fort, Range}
   (You bought it in a shop on level 3 of the Dungeon)

   It has a curse which improves the following skills: Fortitude: Armour and
   Shields.
   Ranged Combat: Slings, Bows, Crossbows and Throwing.
 p - a scarf of repulsion (worn)
Jewellery
 j - an amulet of reflection (around neck)
 o - an amulet of regeneration
Wands
 b - a wand of digging (6)
 i - a wand of iceblast (11)
Scrolls
 f - a scroll of brand weapon
 l - 4 scrolls of vulnerability
 q - a scroll of fog
 s - a scroll of identify
 t - a scroll of enchant weapon {unknown}
 v - a scroll of noise {unknown}
Potions
 e - a potion of curing


   Skills:
 + Level 4.0 Fighting
 + Level 3.4(3.8) Throwing
 + Level 4.0 Dodging
 + Level 4.0(4.4) Shields
 + Level 5.5 Unarmed Combat
 - Level 4.0 Evocations


You had 7 spell levels left.
You didn't know any spells.
Your spell library contained the following spells:

 Spells                   Type           Power      Damage    Failure   Level
 Magic Dart               Conj           0%         1d3       99%         1
 Slow                     Hex            0%         N/A       99%         1
 Call Imp                 Summ           0%         N/A       100%        2
 Confusing Touch          Hex            0%         N/A       100%        3
 Gell's Gravitas          Tloc           0%         N/A       100%        3
 Lesser Beckoning         Tloc           0%         N/A       100%        3
 Mephitic Cloud           Conj/Pois/Air  0%         N/A       100%        3
 Teleport Other           Tloc           0%         N/A       100%        3
 Vampiric Draining        Necr           0%         2d6       100%        3
 Dispersal                Tloc           0%         N/A       100%        6


Dungeon Overview and Level Annotations

Branches:
Dungeon (7/15)             Temple (0/1) D:7           Sewer (visited)

Altars:
Ashenzari
Dithmenos
Hepliaklqana

Shops:
D:2 [   D:3 ?[   D:4 :

Annotations:
D:7 Duvessa


Innate Abilities, Weirdness & Mutations

You are too large for most types of armour.
You have claws for hands.
Your natural rate of healing is unusually fast.
You are covered in fur. (AC +1)
You have tough skin. (AC +1)
Your spells are a little harder to cast, but a little more powerful.


Message History

You closely miss Duvessa.
Duvessa is moderately wounded.
You block the bullfrog's attack. Duvessa hits you with a +0 short sword!
The centaur hits you. You block the centaur's attack.
The bullfrog closely misses you.
You claw Duvessa!
Duvessa is heavily wounded.
You block Duvessa's attack. You block the centaur's attack.
The centaur kicks you but does no damage.
The bullfrog hits you.
You scratch Duvessa but do no damage.
Duvessa is heavily wounded.
You block Duvessa's attack. The centaur hits you.
The centaur closely misses you. You block the bullfrog's attack.
Duvessa hits you with a +0 short sword!
* * * LOW HITPOINT WARNING * * *
You claw the centaur!
The centaur is moderately wounded.
You block the centaur's attack. x2; The bullfrog hits you.
* * * LOW HITPOINT WARNING * * *
Duvessa hits you with a +0 short sword!
* * * LOW HITPOINT WARNING * * *
Aiming: Iceblast
Press: ? - help, Shift-Dir - straight line
Okay, then.
Okay, then.
As you read the scroll of identify, it crumbles to dust.
q - a scroll of fog You block the centaur's attack. x2; The bullfrog completely misses you.
Duvessa hits you with a +0 short sword!
* * * LOW HITPOINT WARNING * * *
Okay, then.
Blink to where?
Press: ? - help, Dir - move target
Found a scroll labelled GUGRIXT UZAZ and 4 boomerangs.
Found a staircase to the Ecumenical Temple.
As you read the scroll of blinking, it crumbles to dust.
The centaur wields a +0 shortbow.
The centaur shoots an arrow.
The arrow hits you!
You die...

... .. > .#+##
.. ..
.....#####.##.
.(.....?...##..
.............
#......#
#...@..#
#.....####
#####.##
#...... #..†#


+cFe+ #)§.# ##### You could see Duvessa (berserk), a bullfrog and a centaur.

Vanquished Creatures
  Maggie (D:7)
  Menkaure (D:4)
  A necrophage (D:6)
  An ogre (D:6)
  2 phantoms
  A wyvern skeleton (D:7)
  2 water moccasin skeletons (D:4)
  Dowan (D:7)
  A vampire bat (D:5)
  A howler monkey (D:4)
  A bullfrog zombie (D:6)
  Crazy Yiuf (D:3)
  A hound (D:7)
  3 orc priests
  A gnoll shaman (D:5)
  A jelly (D:5)
  A bullfrog skeleton (D:6)
  An orc wizard (D:6)
  A hell rat (Sewer)
  Robin (D:3)
  8 gnolls (D:5)
  5 adders
  A river rat (Sewer)
  A shadow imp (D:5)
  An ufetubus (D:5)
  4 worms
  4 dart slugs
  15 orcs
  4 ball pythons
  13 bats
  7 endoplasms
  5 giant cockroaches
  14 goblins
  11 hobgoblins
  2 jackals (D:2)
  17 kobolds
  4 quokkas
  2 frilled lizards (D:1)
  13 rats
155 creatures vanquished.

Notes
Turn   | Place    | Note
-------+----------+-------------------------------------------
     0 | D:1      | NinjaNoafa the Troll Fighter began the quest for the Orb.
     0 | D:1      | Reached XP level 1. HP: 22/22 MP: 0/0
     2 | D:1      | Noticed a troll
     2 | D:1      | Noticed an octopode
     4 | D:1      | Noticed a felid
     4 | D:1      | Noticed a minotaur
     6 | D:1      | Noticed a vine stalker
     8 | D:1      | Noticed a gargoyle
     8 | D:1      | Noticed a tengu
    12 | D:1      | Noticed a vampire
    14 | D:1      | Noticed a draconian
    14 | D:1      | Noticed a human
    16 | D:1      | Noticed a ghoul
    16 | D:1      | Noticed a spriggan
    18 | D:1      | Noticed a merfolk
    18 | D:1      | Noticed a formicid
    20 | D:1      | Noticed a demonspawn
    20 | D:1      | Noticed an ogre
    22 | D:1      | Noticed a demigod
    22 | D:1      | Noticed a dwarf
    24 | D:1      | Noticed an elf
    24 | D:1      | Noticed a naga
    69 | D:1      | Reached XP level 2. HP: 28/29 MP: 1/1
   275 | D:1      | Reached XP level 3. HP: 36/36 MP: 2/2
   349 | D:1      | Found a faded altar of an unknown god.
   465 | D:2      | Found Lient's Armour Emporium.
   642 | D:2      | Reached skill level 3 in Unarmed Combat
   772 | D:2      | Reached XP level 4. HP: 44/44 MP: 3/3
  1239 | D:3      | Found a runed translucent door.
  1240 | D:3      | Noticed Crazy Yiuf
  1284 | D:3      | Found Venimmurr's Antique Armour Shop.
  1292 | D:3      | Bought a tower shield for 103 gold pieces
  1381 | D:3      | Noticed Robin
  1395 | D:3      | Killed Robin
  1638 | D:3      | Reached skill level 1 in Evocations
  1638 | D:3      | Reached XP level 5. HP: 30/52 MP: 4/4
  2173 | D:3      | Found Kaotes's Magic Scroll Boutique.
  2323 | D:3      | Killed Crazy Yiuf
  2441 | D:4      | Noticed a phantom
  2467 | D:4      | Killed a phantom
  2517 | D:4      | Found a broken altar of Ashenzari.
  2531 | D:4      | Became a worshipper of Ashenzari the Shackled
  2578 | D:4      | Reached XP level 6. HP: 49/59 MP: 2/5
  2860 | D:4      | Noticed Menkaure
  2883 | D:4      | Killed Menkaure
  2884 | D:4      | Reached skill level 4 in Unarmed Combat
  2884 | D:4      | Reached XP level 7. HP: 21/67 MP: 2/6
  3241 | D:3      | Bought a runed robe for 85 gold pieces
  3362 | D:4      | Found Quam's Book Shoppe.
  3710 | D:5      | Entered Level 5 of the Dungeon
  4906 | D:6      | Reached skill level 5 in Unarmed Combat
  4937 | D:6      | HP: 1/67 [ogre/+0 giant club (16)]
  5046 | D:6      | Reached skill level 1 in Throwing
  5046 | D:6      | Reached XP level 8. HP: 61/75 MP: 7/7
  5180 | D:6      | Found a glowing drain.
  5187 | Sewer    | Entered a sewer
  5556 | D:6      | Found a shadowy altar of Dithmenos.
  5557 | D:6      | Found a hazy altar of Hepliaklqana.
  5764 | D:7      | Noticed Dowan
  5766 | D:7      | Gained mutation: Your spells are a little harder to cast,
                  | but a little more powerful. [potion of mutation]
  5769 | D:7      | Noticed Maggie
  5775 | D:7      | Killed Dowan
  5775 | D:7      | Noticed Duvessa
  5786 | D:7      | Killed Maggie
  5793 | D:7      | Found a staircase to the Ecumenical Temple.
  5793 | D:7      | Shot with an arrow by a centaur

Illustrated notes

Levels and vault maps discovered:
D:1:      kb_arrival_jail, layout_rooms, ebering_ecumenical_altar_box
D:2:      layout_basic, serial_shops, shop, wad_floor_pattern_untrapped
D:3:      layout_basic, serial_shops, nicolae_shop_hallway_stairs,
          nicolae_shop_trees, kennysheep_pointless_box, uniq_crazy_yiuf_cottage,
          uniq_robin
D:4:      layout_cave_pods, old_standard_altar, serial_shops,
          kennysheep_mini_moat, minmay_goblin_kobold_house, uniq_menkaure
D:5:      layout_loops_ring, roderic_batcave, kennysheep_generic_room_14
D:6:      layout_cave_pods, riverfiend_overflow_shadow_ancestor,
          cheibrodos_sewer_entry_sluice
D:7:      layout_basic, mainiacjoe_overflow_alcove_2,
          nicolae_wu_jian_wuxing_cycle, vehumet_altar_wand_db,
          minmay_temple_entry_stoned_glass, corexii_corridor_pit,
          dk_noncrumbling_3, uniq_harold, uniq_duvessa, uniq_maggie

Skill      XL: |  1  2  3  4  5  6  7  8 |
---------------+-------------------------+-----
Unarmed Combat | 3 4 5 |  5.5
Evocations     | 1 3 4 |  4.0
Dodging        | 3 4 |  4.0
Shields        | 3 4 |  4.0
Fighting       | 3 4 |  4.0
Throwing       | 1 3 |  3.4

Action                   |  1- 3 |  4- 6 |  7- 9 || total
-------------------------+-------+-------+-------++-------
Melee: Unarmed           |   120 |   142 |   206 ||   468
Throw: Dart              |     1 |    11 |     8 ||    20
       Boomerang         |       |       |     5 ||     5
Invok: Curse Item        |       |       |     1 ||     1
  Use: Potion            |       |     6 |     4 ||    10
       Scroll            |       |     6 |     3 ||     9
Armor: Robe              |    54 |    40 |   100 ||   194
       Skin              |       |     1 |       ||     1
Dodge: Dodged            |    50 |    49 |    75 ||   174
Block: Kite shield       |    42 |       |       ||    42
       Tower shield      |       |   110 |   233 ||   343
       Reflection        |       |       |     3 ||     3
